AoeStats
← M@nqu!to

African Clearing

505586018Analyzed
2v2 RM · 22d ago on Sep 10, 2026· 34m 36s· 4 players
Game mode
Random Map
Map size
Medium (4 player)
Population
200
Speed
Normal
Resources
Standard
Victory
Conquest
Starting age
Dark Age
Ending age
Imperial Age
RankedLock teamsTeams togetherTeam positionsShared explorationLock speedFull tech treeHidden civsTurbo modeCheats
Victory
Defeat
🇵🇪 Magyars · Peru
1273
+16
🇵🇪 Khitans · Peru
1233
+18
🇦🇷 Persians · Argentina
1268
-17
🇦🇷 Vietnamese · Argentina
1265
-17
M@nquito 2.0
12:01 Feudal Age
14:40 Double-Bit Axe
22:12 Castle Age
21:23 Scale Barding Armor
22:25 Bloodlines
28:53 Husbandry
31:26 Chain Barding Armor
32:54 Wheelbarrow
32:55 Bow Saw
M@nqu!to
4:04 Loom
14:11 Feudal Age
15:42 Double-Bit Axe
17:44 Fletching
18:07 Forging
22:18 Domestication
23:27 Town Watch
26:30 Castle Age
27:11 Scale Barding Armor
26:38 Light Cavalry
28:56 Iron Casting
30:30 Wheelbarrow
30:31 Bow Saw
[FT] MO5CA
11:44 Loom
13:29 Feudal Age
19:47 Castle Age
[FT] Rey Tumb:-:ro
7:29 Loom
12:45 Feudal Age
14:15 Double-Bit Axe
16:10 Town Watch
19:13 Castle Age
19:11 Forging
19:33 Scale Mail Armor
20:37 Bow Saw
25:13 Horse Collar
Connection lost

Rejoining the realm…

Still unreachable

The connection could not be restored.

Session expired

The server has moved on; the page needs a fresh start.